Map: Berlingrad LE

Players

couchman - Winner!

  • Race: Terran Terran

CBagRun

  • Race: Protoss Protoss

VOD

Have the link to the VOD?

Description

Time

  • Played on: Dec. 11, 2021, 8:25 p.m.
  • Length: 12:32
Show
View Real Time Build Order
Export as new Build Order

couchman Terran - Winner!

Build Orders: Command Center First (CC) 

Get SALT Encoding   

  12  0:00  SCV  
  13  0:13  SCV  
  14  0:19  Supply Depot  
  14  0:27  SCV  
  15  0:41  SCV  
  16  0:43  Refinery  
  16  0:53  SCV  
  17  1:05  SCV  
  18  1:11  Command Center  
  18  1:18  SCV  
  19  1:30  SCV  
  20  1:44  SCV  
  21  1:47  Refinery  
  21  1:56  SCV  
  21  1:57  Barracks  
  22  2:04  Supply Depot  
  22  2:05  Supply Depot  
  22  2:09  SCV  
  23  2:23  SCV  
  23  2:24  SCV  
  25  2:36  SCV x2  
  27  2:45  Barracks Tech Lab  
  27  2:48  SCV x2  
  29  2:52  Engineering Bay  
  29  3:00  SCV x2  
  29  3:02  Combat Shield  
  29  3:05  Marine  
  31  3:12  SCV  
  33  3:19  SCV  
  34  3:21  Factory  
  34  3:23  Marine  
  34  3:24  SCV  
  36  3:31  SCV  
  37  3:36  SCV  
  37  3:41  Marine  
  38  3:44  SCV  
  38  3:48  Terran Infantry Weapons Level 1, SCV  
  41  3:56  SCV  
  41  4:00  Supply Depot, SCV  
  43  4:04  Marine  
  44  4:14  Starport  
  44  4:21  Stimpack  
  44  4:22  Marine, Supply Depot  
  45  4:39  Marine  
  45  4:41  Command Center  
  45  4:44  Supply Depot  
  46  4:56  Starport Tech Lab  
  46  4:57  Marine  
  47  5:01  Factory  
  47  5:05  Refinery  
  47  5:06  Supply Depot  
  47  5:07  SCV, Refinery  
  47  5:10  Orbital Command  
  48  5:15  Marine  
  48  5:19  SCV  
  50  5:26  Barracks  
  50  5:32  SCV  
  50  5:33  Marine  
  50  5:35  Armory  
  52  5:44  SCV  
  53  5:51  Marine  
  53  5:52  SCV  
  53  5:56  SCV  
  56  6:03  SCV  
  57  6:04  SCV  
  57  6:08  SCV  
  59  6:15  Barracks, SCV  
  59  6:16  SCV  
  61  6:20  SCV  
  62  6:25  Marine  
  62  6:27  SCV  
  62  6:28  Barracks Reactor, SCV  
  62  6:32  SCV  
  66  6:39  SCV  
  67  6:41  SCV  
  67  6:43  Marine  
  69  6:49  Fusion Core  
  69  6:51  SCV, Terran Vehicle And Ship Armor Level 1  
  70  7:01  Marine  
  70  7:06  Supply Depot  
  71  7:17  SCV  
  71  7:19  Marine  
  71  7:21  Barracks Reactor  
  73  7:26  Marine x2  
  73  7:29  Supply Depot, SCV  
  76  7:34  Hellion  
  78  7:37  Marine  
  78  7:41  SCV  
  78  7:43  Hellion  
  82  7:44  Marine x2  
  82  7:46  Battlecruiser  
  90  7:53  Supply Depot, SCV  
  91  8:02  Marine x2  
  93  8:13  Command Center  
  93  8:15  Supply Depot  
  93  8:20  Marine x2  
  95  8:39  Supply Depot  
  95  8:50  Battlecruiser  
  95  8:54  Terran Vehicle And Ship Armor Level 2  
  101  8:57  Terran Infantry Weapons Level 2  
  101  9:01  Supply Depot  
  101  9:25  Supply Depot  
  101  9:49  Supply Depot  
  101  9:54  Battlecruiser  
  99  10:59  Battlecruiser  
Show
View Real Time Build Order
Export as new Build Order

CBagRun Protoss 

Build Orders:  

Get SALT Encoding   

  12  0:02  Probe  
  13  0:14  Probe  
  14  0:26  Probe  
  15  0:41  Assimilator  
  15  0:49  Pylon  
  15  0:55  Pylon  
  15  1:02  Assimilator  
  15  1:07  Probe  
  16  1:19  Probe  
  17  1:31  Probe  
  18  1:43  Probe  
  18  1:47  Gateway  
  19  1:52  Gateway  
  19  1:55  Probe  
  20  2:03  Gateway  
  20  2:07  Probe  
  21  2:19  Probe  
  22  2:31  Probe  
  23  2:43  Probe  
  24  2:56  Probe  
  25  3:08  Probe  
  25  3:11  Nexus  
  26  3:20  Probe  
  27  3:32  Probe  
  28  3:44  Probe  
  31  3:48  Zealot  
  31  4:00  Pylon  
  31  4:10  Pylon  
  31  4:18  Zealot x2  
  35  4:26  Probe  
  36  4:37  Pylon  
  36  4:38  Probe  
  37  4:50  Probe  
  38  5:02  Probe  
  38  5:04  Zealot (Chrono Boost)  
  41  5:14  Probe  
  42  5:23  Zealot (Chrono Boost)  
  42  5:26  Probe  
  42  5:27  Pylon  
  45  5:33  Assimilator  
  45  5:38  Probe  
  45  5:39  Probe  
  47  5:48  Zealot  
  49  5:50  Zealot  
  49  5:51  Probe x2  
  53  6:03  Probe  
  54  6:15  Probe, Zealot  
  54  6:17  Zealot  
  59  6:24  Zealot  
  61  6:27  Probe  
  62  6:39  Probe  
  63  6:42  Zealot  
  63  6:44  Zealot  
  67  6:51  Probe, Cybernetics Core  
  67  6:52  Zealot  
  70  7:09  Zealot  
  70  7:11  Zealot  
  74  7:19  Zealot  
  76  7:31  Warp Gate (Chrono Boost)  
  76  7:36  Zealot  
  78  8:03  Pylon  
  78  8:08  Pylon  
  78  8:21  Zealot x3  
  84  8:27  Pylon  
  83  8:48  Zealot (Chrono Boost)  
  89  8:56  Zealot x2 (Chrono Boost)  
  89  9:07  Zealot (Chrono Boost)  
  90  9:16  Zealot x2  
  88  9:32  Stalker  
  90  9:42  Stalker  
  90  9:43  Zealot  
  52  10:10  Stalker  
  52  10:12  Stalker  
    11:32  Adept  
  2  11:36  Adept  
Tags
 
Add a new tag
Caveats
  • Supply blocks, unpowered buildings, or Contaminate may cause inaccurate times.
  • Supply counts are checked every 10 seconds.